 Dungeon Crawl Stone Soup version 0.20-a0-1009-gc986637 (webtiles) character file.

1088 elfninja the Covert (level 8, -2/39 HPs)
             Began as a Spriggan Assassin on Apr 15, 2017.
             Was a Follower of Dithmenos.
             Slain by a black bear (4 damage)
             ... on level 7 of the Dungeon.
             The game lasted 00:50:46 (7512 turns).

elfninja the Covert (Spriggan Assassin)             Turns: 7512, Time: 00:50:47

Health: -2/39      AC:  3    Str:  8    XL:     8   Next: 9%
Magic:  13/13      EV: 21    Int: 14    God:    Dithmenos [*.....]
Gold:   436        SH:  0    Dex: 19    Spells: 7/7 levels left

rFire    . . .     SeeInvis +   i - +1 dagger (venom)
rCold    . . .     Gourm    .   (shield restricted)
rNeg     . . .     Faith    +   c - +0 robe
rPois    .         Spirit   .   (helmet restricted)
rElec    .         Reflect  .   d - +0 cloak
rCorr    .         Harm     .   (gloves unavailable)
MR       +....                  (boots unavailable)
Stlth    ++++++....             j - amulet of faith
Regen    0.2/turn               D - +2 ring of intelligence
MPRegen  0.2/turn               (no ring)

@: wreathed by umbra, very quick
A: unfitting armour, see invisible, herbivore 3, speed 3, slow metabolism 2
a: Renounce Religion


You were on level 7 of the Dungeon.
You worshipped Dithmenos.
Dithmenos was aware of your devotion.
You were not hungry.

You visited 1 branch of the dungeon, and saw 7 of its levels.
You also visited: Sewer.

You collected 436 gold pieces.

Inventory:

Hand Weapons
 a - a +2 dagger
 b - a +0 blowgun
 i - a +1 dagger of venom (weapon)
 q - a +2 long sword of slicing
 r - a +0 hunting sling
Missiles
 e - 34 poisoned needles
 f - 2 curare-tipped needles
 s - 23 sling bullets
Armour
 c - a +0 robe (worn)
 d - a +0 cloak (worn)
 w - a +1 hat
Jewellery
 j - an amulet of faith (around neck)
 z - an uncursed amulet of magic regeneration
 D - a +2 ring of intelligence (left hand)
 K - the ring "Tedihoo" {MP+9 SInv}
   (You found it on level 6 of the Dungeon)

   [ring of magical power]

   It affects your magic capacity (+9).
   It lets you see invisible.
Wands
 o - a wand of disintegration (7/24)
Scrolls
 h - a scroll of teleportation
 l - 2 scrolls of blinking {unknown}
 m - 5 scrolls of remove curse
 n - a scroll of fog {unknown}
 p - a scroll of amnesia {unknown}
 u - 2 scrolls of noise {unknown}
 v - a scroll of enchant weapon {unknown}
 y - a scroll of fear {unknown}
 F - a scroll of immolation {unknown}
 G - 2 scrolls of enchant armour {unknown}
Potions
 t - 2 potions of degeneration {unknown}
 x - a potion of heal wounds {unknown}
 A - a potion of mutation {unknown}
 B - 3 potions of curing
 C - 3 potions of haste {unknown}
 E - a potion of might
 J - a potion of resistance {unknown}
 L - a potion of lignification {unknown}
Books
 k - the Disquisition on the Warped Blaze
   (You found it on level 7 of the Dungeon)

   Spells                             Type                      Level
   a - Throw Flame                    Conjuration/Fire             2
   b - Ignite Poison                  Fire/Transmutation/Poison    3
   c - Lesser Beckoning               Translocation                3
   d - Sticky Flame                   Conjuration/Fire             4
   e - Disjunction                    Translocation                8
Comestibles
 g - 6 bread rations
 H - a royal jelly
 I - a fruit


   Skills:
 + Level 2.8 Fighting
 + Level 4.3 Short Blades
 + Level 3.4 Throwing
 + Level 4.8 Dodging
 + Level 10.3 Stealth
 * Level 5.4 Evocations


You had 7 spell levels left.
You didn't know any spells.

Dungeon Overview and Level Annotations

Branches:
Dungeon (7/15)             Temple (0/1) D:4

Altars:
Ashenzari
Dithmenos
Fedhas
Nemelex Xobeh
Okawaru
Ru
Vehumet
Yredelemnul

Annotations:
D:5 cortexin's ghost, novice OpAs


Innate Abilities, Weirdness & Mutations

You are very small and have problems with some larger weapons.
You are too small for most types of armour.
You have supernaturally acute eyesight. (SInv)
You are a herbivore.
You cover ground extremely quickly.
You need consume almost no food.


Message History

The orc warrior is lightly wounded.
The orc warrior misses you. The black bear barely misses you.
The black bear misses you. The black bear barely misses you.
You hit the black bear.
The black bear is poisoned.
The black bear is lightly wounded.
The orc warrior misses you.
You barely miss the black bear.
The black bear is lightly wounded.
The black bear completely misses you. The black bear claws you.
The black bear misses you.
You hit the orc warrior but do no damage.
The orc warrior looks as sick as possible!
The orc warrior is lightly wounded.
The orc warrior hits you with a flail!!
Ouch! That really hurt!
* * * LOW HITPOINT WARNING * * *
The black bear bites you!
* * * LOW HITPOINT WARNING * * *
The black bear barely misses you. The black bear claws you.
You die...

#........#
#........#
#........#
#........#
#........#
#........#
#........#.##
..##............
......o@....#.##
..###.#h........
# #.#........#
#.##.####..# .
#.# #..# . .(.
...# # #.# ##..
.# ... ... .# #
###.##.#.#


You could see an orc warrior and a black bear.

Vanquished Creatures
  A hippogriff (D:7)
  2 phantoms
  2 ogres
  A crocodile (Sewer)
  Blork the orc (D:5)
  A bullfrog (D:6)
  A scorpion (D:6)
  A hound (D:7)
  Terence (D:3)
  A worker ant (D:4)
  4 gnolls (D:6)
  A howler monkey skeleton (D:4)
  7 adders
  An adder zombie (D:6)
  4 worms
  A dart slug (D:3)
  5 leopard geckos
  An orc (D:5)
  12 bats
  6 giant cockroaches
  9 goblins
  6 hobgoblins
  19 jackals
  3 quokkas
  A ball python (D:2)
  4 frilled lizards
  A jackal skeleton (D:5)
  11 kobolds
  A quokka zombie (D:6)
  6 rats
115 creatures vanquished.

Notes
Turn   | Place    | Note
-------+----------+-------------------------------------------
     0 | D:1      | elfninja the Spriggan Assassin began the quest for the Orb.
     0 | D:1      | Reached XP level 1. HP: 10/10 MP: 2/2
    43 | D:1      | Reached skill level 6 in Stealth
   111 | D:1      | Reached XP level 2. HP: 13/15 MP: 3/3
   807 | D:2      | Reached XP level 3. HP: 18/18 MP: 4/4
   820 | D:2      | Reached skill level 7 in Stealth
   926 | D:2      | Reached skill level 1 in Evocations
  1519 | D:2      | Found a sacrificial altar of Ru.
  1774 | D:3      | Reached XP level 4. HP: 10/23 MP: 6/6
  2246 | D:3      | Noticed Terence
  2260 | D:3      | Killed Terence
  2279 | D:3      | Found a shattered altar of Ashenzari.
  2670 | D:3      | Found a shadowy altar of Dithmenos.
  2680 | D:3      | Became a worshipper of Dithmenos the Shadowed
  2791 | D:3      | Reached XP level 5. HP: 10/26 MP: 7/7
  3082 | D:3      | Found a radiant altar of Vehumet.
  3559 | D:4      | Noticed an ogre
  3593 | D:4      | Killed an ogre
  3593 | D:4      | Reached skill level 8 in Stealth
  3723 | D:4      | Found an iron altar of Okawaru.
  3724 | D:4      | Found a basalt altar of Yredelemnul.
  3724 | D:4      | Found a sparkling altar of Nemelex Xobeh.
  3724 | D:4      | Found a blossoming altar of Fedhas.
  3986 | D:4      | Noticed a phantom
  3990 | D:4      | Killed a phantom
  3990 | D:4      | Reached XP level 6. HP: 30/30 MP: 9/9
  4041 | D:4      | Found a staircase to the Ecumenical Temple.
  4371 | D:5      | Entered Level 5 of the Dungeon
  4491 | D:5      | Noticed Blork the orc
  4519 | D:5      | Killed Blork the orc
  4519 | D:5      | Reached * piety under Dithmenos
  4978 | D:5      | Noticed cortexin's ghost (novice OpAs)
  5765 | D:6      | Reached skill level 9 in Stealth
  5765 | D:6      | Reached XP level 7. HP: 35/35 MP: 10/10
  5785 | D:6      | Found a glowing drain.
  5808 | Sewer    | Entered a sewer
  6866 | D:6      | Reached skill level 5 in Evocations
  6999 | D:6      | Got a smoking marble ring
  7003 | D:6      | Identified the ring "Tedihoo" {MP+9 SInv} (You found it on level 6 of the Dungeon)
  7050 | D:7      | Identified the Disquisition on the Warped Blaze
  7052 | D:7      | Noticed a hippogriff
  7087 | D:7      | Killed a hippogriff
  7087 | D:7      | Reached skill level 10 in Stealth
  7087 | D:7      | Reached XP level 8. HP: 5/39 MP: 12/12
  7496 | D:7      | Noticed a hippogriff
  7512 | D:7      | Slain by a black bear

Vault maps used:
D:1:      ncdulo_smallfort
D:2:      lemuel_round_altar, first_bread, small_statue_intersection
D:3:      nicolae_dithmenos_shadow_blocks, vehumet_crystals,
          serial_co_window_serial, co_window_paths_a, co_window_corner_a,
          co_window_corner_a, co_window_corner_a, co_window_of_opportunity_a,
          co_window_corner_a, co_window_paths_c, co_window_2corner,
          co_window_of_opportunity_c, glass_columns_a, glass_columns_a,
          glass_columns_a, ashenzari_altar_1, uniq_terence
D:4:      chequers_temple_overflow_statue_of_worship, temple_hall
D:5:      uniq_blork_the_orc
D:6:      cheibrodos_sewer_entry_drain, lemuel_flame_loot_1
D:7:      grunt_temple_overflow_open, serial_bayou, serial_bayou_lagoon_a,
          serial_bayou_shore_a, serial_bayou_pond_a, serial_bayou_pond_a,
          minmay_ruined_shrine
Sewer:    sewer_big_baddie

Skill      XL: |  1  2  3  4  5  6  7 |
---------------+----------------------+-----
Stealth        | 6 7 8 9 10 | 10.3
Evocations     | 1 2 3 5 |  5.4
Dodging        | 2 3 4 |  4.8
Fighting       | 2 |  2.8
Short Blades   | 3 4 |  4.3
Throwing       | 3 |  3.4

Action                   |  1- 3 |  4- 6 |  7- 9 || total
-------------------------+-------+-------+-------++-------
Melee: Dagger            |   137 |   131 |   122 ||   390
       Long sword        |       |       |     6 ||     6
 Fire: Blowgun           |       |    18 |     6 ||    24
  Use: Potion            |     1 |     2 |       ||     3
       Scroll            |       |     5 |     3 ||     8
 Stab: Sleeping          |    14 |    13 |     9 ||    36
       Distracted        |     1 |     2 |       ||     3
  Eat: Royal jelly       |       |     1 |       ||     1
       Fruit             |       |       |     2 ||     2
Armor: Robe              |    17 |    11 |     7 ||    35
Dodge: Dodged            |   109 |   102 |   128 ||   339
       Rpst.: Long sword |       |       |     1 ||     1
